 Dungeon Crawl Stone Soup version 0.24.0-37-gcf1ca852f1 (webtiles) character file.

Game seed: 2014913814625495355, levelgen mode: deterministic

746 Delarado the Grappler (level 7, -2/46 HPs)
             Began as an Octopode Fighter on Dec 5, 2019.
             Slain by an ice beast (9 damage)
             ... on level 5 of the Dungeon.
             The game lasted 00:10:05 (4169 turns).

Delarado the Grappler (Octopode Fighter)            Turns: 4169, Time: 00:10:05

Health: -2/46      AC:  1    Str: 17 (20) XL:     7   Next: 77%
Magic:  7/7        EV: 13    Int: 12 (15) God:
Gold:   236        SH:  4    Dex:  9 (12) Spells: 6/6 levels left

rFire    . . .     SeeInvis .     - Unarmed
rCold    . . .     Gourm    .   q - +0 buckler (curse)
rNeg     . . .     Faith    .   (helmet restricted)
rPois    .         Spirit   .   (no amulet)
rElec    .         Reflect  .   n - +5 ring of intelligence
rCorr    .         Harm     .   s - +3 ring of strength
MR       .....                  (no ring)
Stlth    ++........             (no ring)
HPRegen  0.15/turn              (no ring)
MPRegen  0.10/turn              (no ring)
                                (no ring)
                                (no ring)

@: no status effects
A: almost no armour, stealthy swim, amphibious, 8 rings, constrict 8, camouflage
1, gelatinous body 1
a: no special abilities


You were on level 5 of the Dungeon.
You were not hungry.

You visited 1 branch of the dungeon, and saw 5 of its levels.

You collected 236 gold pieces.

Inventory:

Missiles
 d - 188 stones
 m - 123 arrows
 o - 15 poisoned darts (quivered)
Armour
 a - a +0 shield
 q - a cursed +0 buckler (worn)
Jewellery
 n - a +5 ring of intelligence (left tentacle)
 s - a +3 ring of strength (right tentacle)
Wands
 w - a wand of random effects (10)
Scrolls
 e - a scroll of amnesia
 g - 3 scrolls of teleportation
 k - 2 scrolls of magic mapping
 v - a scroll of noise {unknown}
Potions
 b - a potion of might
 f - a potion of haste
 h - a potion of cancellation
 i - a potion of resistance
 j - a potion of mutation
 p - 2 potions of brilliance {unknown}
 r - a potion of flight {unknown}
 t - a potion of berserk rage {unknown}
Comestibles
 c - 7 rations


   Skills:
 - Level 3.0 Fighting
 - Level 3.0 Dodging
 - Level 4.0 Shields
 + Level 8.1 Unarmed Combat


You had 6 spell levels left.
You didn't know any spells.
Your spell library was empty.

Dungeon Overview and Level Annotations

Branches:
Dungeon (5/15)
 Temple: D:4-7

Altars:
Trog
Wu Jian


Innate Abilities, Weirdness & Mutations

You cannot wear most types of armour.
You are very stealthy in the water. (Stealth+)
You are amphibious.
You can wear up to eight rings at the same time.
You can use your tentacles to constrict eight enemies at once.
Your skin changes colour to match your surroundings (Stealth+).
Your rubbery body absorbs attacks. (AC +1, EV +1)


Message History

The ice beast is almost dead.
The ice beast hits you.
* * * LOW HITPOINT WARNING * * *
The ice beast freezes you. You resist.
* * * LOW HITPOINT WARNING * * *
You closely miss the ice beast.
The ice beast is almost dead.
The adder skeleton barely misses you. The ice beast closely misses you.
You barely miss the ice beast.
The ice beast is almost dead.
The adder skeleton misses you. You block the ice beast's attack.
You closely miss the ice beast.
The ice beast is almost dead.
Your resistance to elements expires.
The adder skeleton bites you.
* * * LOW HITPOINT WARNING * * *
The ice beast hits you.
* * * LOW HITPOINT WARNING * * *
The ice beast freezes you!
You die...

##.....
...#...
##.....#
#......#
#......##
#........
#.Z......
#@.......
#Y...(...
.........
..(......$
#..(.......
#.####.....
.. .....
.## ##.##


You could see an ice beast and an adder skeleton.

Vanquished Creatures
  An ogre (D:3)
  A big kobold (D:4)
  2 scorpions (D:4)
  An orc priest (D:3)
  2 hounds (D:4)
  A centaur skeleton (D:4)
  Terence (D:2)
  An iguana (D:4)
  2 orc wizards (D:3)
  6 worker ants (D:4)
  An adder (D:4)
  3 gnolls (D:4)
  3 oozes
  A worm (D:4)
  2 dart slugs
  2 leopard geckos
  8 orcs (D:3)
  A ball python (D:1)
  A giant cockroach (D:1)
  6 hobgoblins
  3 jackals (D:3)
  A quokka (D:3)
  6 bats
  7 frilled lizards
  10 goblins
  10 kobolds
  A quokka skeleton (D:4)
  5 rats
89 creatures vanquished.

Notes
Turn   | Place    | Note
-------+----------+-------------------------------------------
     0 | D:1      | Delarado the Octopode Fighter began the quest for the Orb.
     0 | D:1      | Reached XP level 1. HP: 16/16 MP: 1/1
   152 | D:1      | Reached XP level 2. HP: 21/21 MP: 2/2
   909 | D:1      | Reached XP level 3. HP: 18/26 MP: 3/3
  1183 | D:2      | Reached skill level 3 in Unarmed Combat
  1408 | D:2      | Noticed Terence
  1413 | D:2      | Killed Terence
  1413 | D:2      | Reached XP level 4. HP: 26/31 MP: 4/4
  2194 | D:3      | Found an ornate altar of the Wu Jian Council.
  2425 | D:3      | Reached skill level 4 in Unarmed Combat
  2427 | D:3      | Reached XP level 5. HP: 25/36 MP: 5/5
  2791 | D:3      | Noticed an ogre
  2799 | D:3      | Reached skill level 5 in Unarmed Combat
  2810 | D:3      | Killed an ogre
  2810 | D:3      | Reached XP level 6. HP: 30/42 MP: 6/6
  3056 | D:4      | Reached skill level 6 in Unarmed Combat
  3186 | D:4      | Reached XP level 7. HP: 46/46 MP: 7/7
  3268 | D:4      | Reached skill level 7 in Unarmed Combat
  3396 | D:4      | Found a bloodstained altar of Trog.
  3931 | D:4      | Reached skill level 8 in Unarmed Combat
  4154 | D:5      | Entered Level 5 of the Dungeon
  4169 | D:5      | Slain by an ice beast

Levels and vault maps discovered:
D:1:      erik_arrival_gehennom, layout_loops_ring
D:2:      layout_loops_ring, uniq_terence
D:3:      layout_rooms, lemuel_doored_altar, minmay_ogre_servants
D:4:      layout_basic, lemuel_crystal_altar
D:5:      layout_basic, minmay_temple_entry_statues, first_ration, serial_shops,
          shop

Skill      XL: |  1  2  3  4  5  6  7 |
---------------+----------------------+-----
Unarmed Combat | 3 4 5 6 8 |  8.1
Shields        | 4 |  4.0
Fighting       | |  3.0
Dodging        | |  3.0

Action                   |  1- 3 |  4- 6 |  7- 9 || total
-------------------------+-------+-------+-------++-------
Melee: Unarmed           |    67 |    76 |    44 ||   187
       Constrict         |    19 |    22 |    10 ||    51
       Tentacles         |    13 |    16 |     6 ||    35
       Punch             |       |     4 |       ||     4
Throw: Stone             |    16 |       |       ||    16
       Dart              |     6 |    45 |    43 ||    94
  Use: Scroll            |       |     6 |     1 ||     7
       Potion            |       |       |     3 ||     3
 Stab: Sleeping          |     4 |     1 |       ||     5
  Eat: Chunk             |     2 |     5 |     2 ||     9
       Ration            |       |       |     1 ||     1
Armor: Skin              |     7 |     5 |     2 ||    14
Dodge: Dodged            |    26 |    37 |    21 ||    84
Block: Shield            |    14 |     9 |       ||    23
       Buckler           |       |    12 |     2 ||    14
